 Dungeon Crawl Stone Soup version 0.20-a0-941-gba1b1f9 (webtiles) character file.

13716 JeffiDaFish the Basher (level 12, -7/75 HPs)
             Began as a Gargoyle Fighter on Apr 1, 2017.
             Was the Champion of Okawaru.
             Mangled by a komodo dragon (17 damage)
             ... on level 2 of the Lair of Beasts.
             The game lasted 00:18:24 (10082 turns).

JeffiDaFish the Basher (Gargoyle Fighter)          Turns: 10082, Time: 00:18:24

Health: -7/75      AC: 27    Str: 23    XL:     12   Next: 8%
Magic:  12/12      EV: 12    Int:  9    God:    Okawaru [******]
Gold:   512        SH: 14    Dex: 18    Spells: 11/11 levels left

rFire    . . .     SeeInvis .   m - +2 flail (crush)
rCold    + . .     Gourm    .   c - +1 shield
rNeg     + . .     Faith    .   y - +0 plate armour
rPois    ∞         Spirit   .   a - +0 helmet
rElec    +         Reflect  .   h - +0 cloak
rCorr    .         Harm     .   (no gloves)
MR       .....                  (no boots)
Stlth    ..........             (no amulet)
Regen    0.3/turn               b - +4 ring of strength
MPRegen  0.2/turn               B - +2 ring of protection

@: agile
A: blurry vision 1, cold resistance 1, negative energy resistance 1, electricity
resistance, weak 1, unbreathing, evolution 1, petrification resistance, rot
immunity, AC +8
a: Heroism, Finesse, Renounce Religion


You were on level 2 of the Lair of Beasts.
You worshipped Okawaru.
Okawaru was exalted by your worship.
You were very hungry.

You visited 3 branches of the dungeon, and saw 12 of its levels.

You collected 512 gold pieces.

Inventory:

Hand Weapons
 m - a +2 flail of crushing (weapon)
 o - a +2 whip of flaming
Armour
 a - a +0 helmet (worn)
 c - a +1 shield (worn)
 h - a +0 cloak (worn)
 y - a +0 plate armour (worn)
Jewellery
 b - a +4 ring of strength (left hand)
 B - a +2 ring of protection (right hand)
Scrolls
 e - a scroll of identify
 n - 2 scrolls of summoning
 q - a scroll of blinking
 r - 2 scrolls of magic mapping
 w - 2 scrolls of remove curse
 x - a scroll of amnesia
Potions
 j - a potion of heal wounds
 k - 2 potions of berserk rage
 p - 3 potions of flight
 s - a potion of invisibility
 u - a potion of curing
 A - a potion of haste
Books
 v - the Grimoire of Success
   (You found it on level 7 of the Dungeon)

   Spells                             Type                      Level
   a - Summon Butterflies             Summoning                    1
   b - Summon Ice Beast               Ice/Summoning                4
   c - Aura of Abjuration             Summoning                    5
Comestibles
 f - 5 bread rations
 g - 9 meat rations
 i - a fruit
 l - 11 royal jellies


   Skills:
 + Level 8.9 Fighting
 + Level 12.1 Maces & Flails
 + Level 9.0 Armour
 + Level 2.5 Dodging
 + Level 1.9 Stealth
 + Level 11.1 Shields


You had 11 spell levels left.
You didn't know any spells.

Dungeon Overview and Level Annotations

Branches:
Dungeon (9/15)             Temple (1/1) D:5            Lair (2/6) D:9
  Swamp: Lair:2-4    Shoals: Lair:2-4     Snake: Lair:2-4    Spider: Lair:2-4
    Orc: D:9-12

Altars:
Ashenzari
Cheibriados
Dithmenos
Elyvilon
Fedhas
Gozag
Hepliaklqana
Kikubaaqudgha
Makhleb
Nemelex Xobeh
Okawaru
Qazlal
Ru
Trog
Uskayaw
Wu Jian
Xom
Yredelemnul
Zin
The Shining One

Shops:
D:5 *(

Annotations:
Lair:1 exclusion: 2 oklob plants


Innate Abilities, Weirdness & Mutations

You are resistant to torment.
Your stone body is resilient. (AC +8)
You are immune to poison.
You resist negative energy. (rN+)
You are resistant to electric shocks. (rElec)
You can survive without breathing.
You are immune to petrification.
You are immune to rotting.
Scrolls take you a little longer to read.
Your flesh is cold resistant. (rC+)
You are weak. (Str -2)
You evolve.


Message History

The komodo dragon misses you. You block the crocodile's attack.
You barely miss the komodo dragon.
The komodo dragon is moderately wounded.
The komodo dragon bites you!! The crocodile closely misses you.
You are too injured to fight recklessly!
You are too injured to fight recklessly!
Unknown command.
You are too injured to fight recklessly!
You thump the crocodile!
The crocodile is heavily wounded.
The komodo dragon closely misses you.
The crocodile bites you but does no damage.
You hit the crocodile but do no damage.
The crocodile is heavily wounded.
The komodo dragon bites you!!
* * * LOW HITPOINT WARNING * * *
You hit the crocodile.
The crocodile is heavily wounded.
You block the crocodile's attack. The komodo dragon bites you!
You die...

....#..##l......
............⌠...⌠ ........
.....<.. . ........
...⌠...⌠..
.....#..##.........#
.....##.....# .....
......##D...##.#....
......t#l#.........##..
.......@###.............
.......###.###.###......
....... ##.#...#.......
....... ##............
.......# #⌠.>.⌠.......
........# #.....#......
...PPP...# ##.⌠.#.......
..........########........
.............##............


You could see a six-headed hydra, a komodo dragon and a crocodile.

Vanquished Creatures
  2 hydras (Lair:2)
  A two-headed ogre (D:8)
  5 death yaks (Lair:2)
  The ghost of DarkwingDuck the Carver, a novice BaFi (D:9)
  Erica (D:8)
  An unseen horror (D:8)
  Pikel (D:5)
  A rime drake (Lair:1)
  Prince Ribbit (D:6)
  A shadow (D:9)
  2 hogs (D:9)
  A basilisk (Lair:1)
  5 yaks (D:9)
  A human (D:9)
  Grum (D:9)
  A steam dragon (D:8)
  6 water moccasins (Lair:1)
  Edmund (D:5)
  2 porcupines (Lair:1)
  An orc warrior (D:9)
  3 sky beasts
  A black bear (D:8)
  A phantom (D:5)
  3 slaves (D:5)
  2 wolves (D:9)
  2 ice beasts
  5 centaurs
  3 big kobolds
  Blork the orc (D:6)
  6 bullfrogs
  A water moccasin zombie (D:7)
  A wyvern skeleton (D:7)
  A scorpion (D:7)
  2 vampire bats (D:4)
  A howler monkey (D:5)
  8 wights
  An electric eel (Lair:2)
  2 crimson imps
  A jelly (D:5)
  3 orc wizards
  Crazy Yiuf (D:2)
  A centaur skeleton (D:6)
  An orc priest (D:6)
  A bullfrog skeleton (D:5)
  3 hounds
  An iguana (D:8)
  6 worker ants
  A hound skeleton (D:9)
  13 adders
  4 gnolls (D:6)
  An ooze (D:5)
  3 worms
  3 dart slugs
  6 leopard geckos
  22 orcs
  2 ball pythons (D:1)
  6 giant cockroaches
  8 hobgoblins
  4 jackals (D:1)
  2 quokkas
  11 bats
  8 frilled lizards
  2 gnoll zombies (D:6)
  10 goblins
  16 kobolds
  A leopard gecko skeleton (D:5)
  4 rats
225 creatures vanquished.

Vanquished Creatures (others)
  A slave (D:5)
  A worker ant (D:5)
  An adder (D:5)
  A jackal (D:5)
  A frilled lizard (D:5)
  A fungus (Lair:2)
6 creatures vanquished.

Grand Total: 231 creatures vanquished

Notes
Turn   | Place    | Note
-------+----------+-------------------------------------------
     0 | D:1      | JeffiDaFish the Gargoyle Fighter began the quest for the Orb.
     0 | D:1      | Reached XP level 1. HP: 14/14 MP: 1/1
   271 | D:1      | Reached XP level 2. HP: 15/19 MP: 2/2
   708 | D:1      | Reached XP level 3. HP: 22/23 MP: 3/3
  1378 | D:2      | Reached XP level 4. HP: 28/28 MP: 4/4
  1512 | D:2      | Found a runed door.
  1516 | D:2      | Noticed Crazy Yiuf
  1520 | D:2      | Killed Crazy Yiuf
  1520 | D:2      | Reached skill level 3 in Maces & Flails
  1889 | D:3      | Reached XP level 5. HP: 33/33 MP: 5/5
  2270 | D:3      | You fall through a shaft for 2 floors!
  2270 | D:5      | Entered Level 5 of the Dungeon
  2270 | D:5      | Found Cuij Qoa's Antique Weapon Shoppe.
  2303 | D:5      | Found a shattered altar of Ashenzari.
  2307 | D:5      | Found a glowing silver altar of Zin.
  2450 | D:5      | Noticed a slave
  2450 | D:5      | Noticed a slave
  2452 | D:5      | Noticed a slave
  2453 | D:5      | Noticed Pikel
  2469 | D:5      | Killed a slave
  2479 | D:5      | Killed a slave
  2492 | D:5      | Killed a slave
  2551 | D:5      | Noticed a slave
  2592 | D:5      | Killed Pikel
  2592 | D:5      | Reached skill level 5 in Maces & Flails
  2592 | D:5      | Reached skill level 1 in Dodging
  2592 | D:5      | Reached skill level 5 in Shields
  2592 | D:5      | Reached XP level 6. HP: 7/39 MP: 6/6
  2592 | D:5      | Reached XP level 7. HP: 8/44 MP: 7/7
  2905 | D:5      | Found a shattered altar of Ashenzari.
  2948 | D:5      | Found a staircase to the Ecumenical Temple.
  2976 | Temple   | Entered the Ecumenical Temple
  3001 | Temple   | Became a worshipper of Warmaster Okawaru
  3265 | D:5      | Reached skill level 6 in Maces & Flails
  3265 | D:5      | Reached XP level 8. HP: 34/48 MP: 8/8
  3273 | D:5      | Reached skill level 5 in Fighting
  3287 | D:5      | Noticed Edmund
  3316 | D:5      | Killed Edmund
  3316 | D:5      | Reached skill level 5 in Armour
  3326 | D:5      | Found Wenaz's General Store.
  3463 | D:4      | Found a sparkling altar of Nemelex Xobeh.
  3485 | D:4      | Reached * piety under Okawaru
  3880 | D:4      | Reached skill level 7 in Maces & Flails
  4723 | D:5      | Found a shimmering altar of Xom.
  4803 | D:6      | Gained mutation: Scrolls take you a little longer to read. [potion of mutation]
  4803 | D:6      | Gained mutation: You are weak. (Str -2) [potion of mutation]
  4803 | D:6      | Gained mutation: Your flesh is cold resistant. (rC+) [potion of mutation]
  4803 | D:6      | Gained mutation: You evolve. [potion of mutation]
  4948 | D:6      | Reached skill level 1 in Stealth
  5239 | D:6      | Found a basalt altar of Yredelemnul.
  5410 | D:6      | Noticed Prince Ribbit
  5438 | D:6      | HP: 2/50 [Prince Ribbit (4)]
  5789 | D:6      | Reached ** piety under Okawaru
  5882 | D:6      | Reached XP level 9. HP: 37/54 MP: 9/9
  5908 | D:6      | Noticed Blork the orc
  5917 | D:6      | Killed Blork the orc
  5938 | D:6      | Killed Prince Ribbit
  5938 | D:6      | Reached skill level 8 in Maces & Flails
  6053 | D:7      | Identified the Grimoire of Success
  6861 | D:7      | Found a stormy altar of Qazlal.
  7023 | D:8      | Noticed Erica
  7045 | D:8      | Killed Erica
  7045 | D:8      | Reached *** piety under Okawaru
  7045 | D:8      | Reached skill level 9 in Maces & Flails
  7045 | D:8      | Reached XP level 10. HP: 49/61 MP: 10/10
  7284 | D:8      | Killed an unseen horror
  7284 | D:8      | Reached **** piety under Okawaru
  7642 | D:8      | Noticed a two-headed ogre
  7652 | D:8      | Killed a two-headed ogre
  7853 | D:9      | Reached skill level 10 in Maces & Flails
  7867 | D:9      | Received a gift from Okawaru
  7920 | D:9      | Noticed DarkwingDuck's ghost (novice BaFi)
  7939 | D:9      | Killed DarkwingDuck's ghost
  7939 | D:9      | Reached ***** piety under Okawaru
  8084 | D:9      | Noticed Grum
  8110 | D:9      | Reached XP level 11. HP: 50/68 MP: 11/11
  8117 | D:9      | Killed Grum
  8153 | D:9      | Found a blossoming altar of Fedhas.
  8196 | D:9      | Found a white marble altar of Elyvilon.
  8337 | D:9      | Found a staircase to the Lair.
  8758 | D:9      | Reached skill level 10 in Shields
  8847 | Lair:1   | Entered Level 1 of the Lair of Beasts
  8868 | Lair:1   | Reached skill level 11 in Maces & Flails
  9446 | Lair:1   | Noticed an oklob plant
  9446 | Lair:1   | Noticed an oklob plant
  9630 | Lair:2   | Noticed a death yak
  9630 | Lair:2   | Noticed a death yak
  9630 | Lair:2   | Noticed a death yak
  9630 | Lair:2   | Noticed a death yak
  9631 | Lair:2   | Noticed a death yak
  9647 | Lair:2   | Killed a death yak
  9647 | Lair:2   | Received a gift from Okawaru
  9657 | Lair:2   | Killed a death yak
  9664 | Lair:2   | Killed a death yak
  9664 | Lair:2   | Reached ****** piety under Okawaru
  9671 | Lair:2   | Killed a death yak
  9676 | Lair:2   | HP: 3/69 [death yak (12)]
  9677 | Lair:2   | Killed a death yak
 10053 | Lair:2   | Noticed a seven-headed hydra
 10062 | Lair:2   | Noticed an eight-headed hydra
 10062 | Lair:2   | Noticed a six-headed hydra
 10069 | Lair:2   | Killed a seven-headed hydra
 10069 | Lair:2   | Reached skill level 12 in Maces & Flails
 10069 | Lair:2   | Reached XP level 12. HP: 55/75 MP: 12/12
 10075 | Lair:2   | Killed an eight-headed hydra
 10082 | Lair:2   | Mangled by a komodo dragon

Vault maps used:
D:1:      eino_arrival_druids_welcome, roderic_roman_lattice,
          lemuel_flame_loot_1
D:2:      uniq_crazy_yiuf_cottage
D:3:      minmay_misc_feat_encased, kennysheep_doodads
D:4:      lemuel_crystal_altar, minmay_guarded_unrand_vampires_tooth
D:5:      grunt_temple_overflow_open, xom_confusion_cloud, temple_fountains,
          first_bread, serial_shops, nicolae_shop_crystal, shop,
          cheibrodos_ashenzari_chains, uniq_edmund, uniq_pikel
D:6:      lemuel_zombie_altar_yredelemnul, uniq_prince_ribbit1,
          uniq_blork_the_orc
D:7:      nicolae_qazlal_style_of_elements
D:8:      uniq_erica
D:9:      minitemple, lair_entry_dummy, grunt_livestock, uniq_grum
Temple:   eino_temple_lava
Lair:1:   infiniplex_staircase_pool, minmay_lair_oklob_chamber,
          grunt_megastairs_5
Lair:2:   shoals_dummy_entry, minmay_snake_entry_guardpost_medium, pond,
          grunt_megastairs_2, lemuel_fruit_fields, lemuel_fruit_tree,
          serial_bayou_shore_a, uniq_nergalle

Skill      XL: |  1  2  3  4  5  6  7  8  9 10 11 12 |
---------------+-------------------------------------+-----
Shields        | 4 5 6 8 9 11 | 11.1
Maces & Flails | 3 5 6 7 9 10 12 | 12.1
Fighting       | 4 5 6 7 8 |  8.9
Armour         | 4 5 6 7 8 9 |  9.0
Dodging        | 1 2 |  2.5
Stealth        | 1 |  1.9

Action                   |  1- 3 |  4- 6 |  7- 9 | 10-12 || total
-------------------------+-------+-------+-------+-------++-------
Melee: Flail             |   144 |   166 |   349 |   419 ||  1078
       Whip              |       |       |    86 |       ||    86
  Use: Potion            |     4 |     3 |     3 |     5 ||    15
       Scroll            |     4 |     3 |     9 |     6 ||    22
  Eat: Chunk             |     2 |     4 |    15 |     9 ||    30
Armor: Scale mail        |    35 |       |       |       ||    35
       Chain mail        |    77 |    75 |   224 |   168 ||   544
       Plate armour      |       |       |       |    95 ||    95
Dodge: Dodged            |    51 |    28 |    98 |    94 ||   271
Block: Shield            |   111 |    82 |   261 |   259 ||   713
